 Dungeon Crawl Stone Soup version 0.29-a0-284-gf9362112df (webtiles) character file.

Game seed: 3887035651690470809

272 epen the Archer (level 6, -1/50 HPs)
             Began as a Gnoll Hunter on Mar 14, 2022.
             Slain by an ogre
             ... wielding a +0 giant club
              (13 damage)
             ... on level 4 of the Dungeon.
             The game lasted 00:02:38 (2401 turns).

epen the Archer (Gnoll Hunter)                      Turns: 2401, Time: 00:02:39

Health: -1/50      AC:  3    Str: 11    XL:     6   Next: 23%
Magic:  8/8        EV: 14    Int:  8    God:
Gold:   161        SH:  0    Dex: 17    Spells: 8/8 levels left

rFire   . . .      SeeInvis .   a - +1 shortbow
rCold   . . .      Faith    .   (shield currently unavailable)
rNeg    . . .      Spirit   .   b - +0 leather armour
rPois   +          Reflect  .   (no helmet)
rElec   .          Harm     .   (no cloak)
rCorr   .          Rampage  .   (no gloves)
Will    .....                   (no boots)
Stlth   ++........              (no amulet)
HPRegen 0.16/turn               g - ring of poison resistance
MPRegen 0.11/turn               (no ring)

@: about to teleport
A: fangs 1, strong nose, distributed training
a: no special abilities


You were on level 4 of the Dungeon.
You visited 1 branch of the dungeon, and saw 4 of its levels.

You collected 161 gold pieces.

Inventory:

Hand Weapons
 a - a +1 shortbow (weapon)
Armour
 b - a +0 leather armour (worn)
Jewellery
 g - a ring of poison resistance (left hand)
 p - a ring of protection from fire
Scrolls
 c - a scroll of immolation
 k - a scroll of identify
 m - a scroll of vulnerability {unknown}
 n - a scroll of teleportation
Potions
 e - a potion of haste
 f - a potion of heal wounds {unknown}
 h - a potion of brilliance {unknown}
 i - a potion of lignification {unknown}
 j - a potion of curing
 l - a potion of berserk rage {unknown}
 o - a potion of attraction {unknown}
 q - 2 potions of ambrosia {unknown}
 r - a potion of mutation {unknown}


   Skills:
 + Level 4.9 Fighting
 + Level 1.8 Short Blades
 + Level 1.8 Long Blades
 + Level 1.8 Axes
 + Level 1.8 Maces & Flails
 + Level 1.8 Polearms
 + Level 1.8 Staves
 + Level 1.8 Slings
 + Level 8.7 Bows
 + Level 1.8 Crossbows
 + Level 1.8 Throwing
 + Level 1.8 Armour
 + Level 4.9 Dodging
 + Level 3.0 Stealth
 + Level 1.8 Shields
 + Level 1.8 Unarmed Combat
 + Level 1.8 Spellcasting
 + Level 1.4 Conjurations
 + Level 1.4 Hexes
 + Level 1.4 Summonings
 + Level 1.4 Necromancy
 + Level 1.4 Translocations
 + Level 1.4 Transmutations
 + Level 1.4 Fire Magic
 + Level 1.4 Ice Magic
 + Level 1.4 Air Magic
 + Level 1.4 Earth Magic
 + Level 1.4 Poison Magic
 + Level 2.0 Invocations
 + Level 1.8 Evocations


You had 8 spell levels left.
You didn't know any spells.
Your spell library contained the following spells:

 Spells                   Type           Power      Damage    Failure   Level
 Blade Hands              Tmut           1%         N/A       100%        5
 Irradiate                Conj/Tmut      1%         3d14      100%        5
 Dragon Form              Tmut           1%         N/A       100%        7


Dungeon Overview and Level Annotations

Branches:
Dungeon (4/15)
 Temple: D:4-7

Altars:
Cheibriados

Annotations:
D:3 3 runed translucent doors, epen's ghost, weakling GnHu


Innate Abilities, Weirdness & Mutations

You have very sharp teeth.
Your uncanny sense of smell can sniff out nearby items.
Your experience applies equally to all skills.


Message History

There is a stone staircase leading down here.
You climb downwards.
Found a twisted runed staff.
There is a stone staircase leading up here.
There are monsters nearby!
You shoot an arrow. The arrow hits the hound!
The hound is heavily wounded.
The ogre shouts!
You shoot an arrow.
The arrow hits the hound but does no damage.
The hound is heavily wounded.
The hound misses you. The hound bites you.
The ogre hits you with a +0 giant club!!
Ouch! That really hurt!
* * * LOW HITPOINT WARNING * * *
You are too injured to fight recklessly!
You are too injured to fight recklessly!
You are too injured to fight recklessly!
You are too injured to fight recklessly!
You are too injured to fight recklessly!
You are too injured to fight recklessly!
You are too injured to fight recklessly!
You are too injured to fight recklessly!
You are too injured to fight recklessly!
You are too injured to fight recklessly!
You are too injured to fight recklessly!
You are too injured to fight recklessly!
You are too injured to fight recklessly!
You are too injured to fight recklessly!
You are too injured to fight recklessly!
You are too injured to fight recklessly!
You are too injured to fight recklessly!
As you read the scroll labelled BUPHESAYMAPI, it crumbles to dust.
You feel aware of your surroundings.
You sensed 1 altar.
It was a scroll of magic mapping.
The hound barely misses you.
The necrophage hits you but does no damage.
As you read the scroll labelled ACVIT POCHAP, it crumbles to dust.
You feel strangely unstable.
It was a scroll of teleportation.
The hound closely misses you. The ogre hits you with a +0 giant club!
You die...

,,,*,,,**,,,*
,,***,,,*,,,*
,,,*,,,,,,,,*
,**,,,,,,<,,*
,,,,,,,,,,,,*#######*
*,,**,,,****#≈≈≈≈≈≈≈#
**,**,,,** #≈♣...♣≈#
,,,,,,,,,***#≈.....≈#
,,****,,,,,*#≈.h@O|≈#
,,,* *,,,*,,#≈..n..≈#
,,,* *,,,*,,#≈♣...♣≈#
,,,***,,,,,,#≈≈≈.≈≈≈#
<,,,,,,,,,***###+###*
,*,,,,,,,,*,,***,**
***,,,,,,,,,,**,,,*
,*,,,,,,,,,,***,,,*
**,,,,,*,,,,,**,,,**


You could see an ogre, a necrophage and a hound.

Vanquished Creatures
  An ogre (D:3)
  A scorpion (D:3)
  4 gnolls (D:3)
  A worm (D:2)
  4 dart slugs
  7 orcs (D:3)
  8 endoplasms
  3 giant cockroaches
  5 goblins
  5 hobgoblins
  8 jackals
  A quokka (D:1)
  5 ball pythons
  2 bats
  A frilled lizard (D:1)
  7 kobolds
  4 rats
67 creatures vanquished.

Notes
Turn   | Place    | Note
-------+----------+-------------------------------------------
     0 | D:1      | epen the Gnoll Hunter began the quest for the Orb.
     0 | D:1      | Reached XP level 1. HP: 20/20 MP: 1/1
   126 | D:1      | Reached XP level 2. HP: 26/26 MP: 2/2
   407 | D:1      | Reached XP level 3. HP: 31/31 MP: 3/3
   792 | D:2      | Reached skill level 1 in Invocations
   950 | D:2      | Reached skill level 1 in Short Blades
   950 | D:2      | Reached skill level 1 in Long Blades
   950 | D:2      | Reached skill level 1 in Axes
   950 | D:2      | Reached skill level 1 in Maces & Flails
   950 | D:2      | Reached skill level 1 in Polearms
   950 | D:2      | Reached skill level 1 in Staves
   950 | D:2      | Reached skill level 1 in Slings
   950 | D:2      | Reached skill level 1 in Crossbows
   950 | D:2      | Reached skill level 1 in Throwing
   950 | D:2      | Reached skill level 1 in Armour
   950 | D:2      | Reached skill level 1 in Shields
   950 | D:2      | Reached skill level 1 in Unarmed Combat
   950 | D:2      | Reached skill level 1 in Spellcasting
   950 | D:2      | Reached skill level 1 in Evocations
  1126 | D:2      | Found a snail-covered altar of Cheibriados.
  1249 | D:3      | Reached XP level 4. HP: 37/38 MP: 5/5
  1285 | D:3      | Reached skill level 1 in Conjurations
  1285 | D:3      | Reached skill level 1 in Hexes
  1285 | D:3      | Reached skill level 1 in Summonings
  1285 | D:3      | Reached skill level 1 in Necromancy
  1285 | D:3      | Reached skill level 1 in Translocations
  1285 | D:3      | Reached skill level 1 in Transmutations
  1285 | D:3      | Reached skill level 1 in Fire Magic
  1285 | D:3      | Reached skill level 1 in Ice Magic
  1285 | D:3      | Reached skill level 1 in Air Magic
  1285 | D:3      | Reached skill level 1 in Earth Magic
  1285 | D:3      | Reached skill level 1 in Poison Magic
  1555 | D:3      | Noticed an ogre
  1566 | D:3      | Killed an ogre
  1567 | D:3      | Reached XP level 5. HP: 43/43 MP: 5/7
  1701 | D:3      | Reached XP level 6. HP: 39/50 MP: 8/8
  2050 | D:3      | Found a faded altar of an unknown god.
  2225 | D:3      | Found a runed translucent gate.
  2228 | D:3      | Found a runed translucent gate.
  2228 | D:3      | Found a runed translucent gate.
  2231 | D:3      | Noticed epen's ghost (weakling GnHu)
  2401 | D:4      | Slain by an ogre

Illustrated notes

Levels and vault maps discovered:
D:1:      kilobyte_arrival_exit_the_forest, layout_basic
D:2:      layout_rooms, basic_altar, corexii_shack
D:3:      layout_loops_ring, ebering_ghost_rock_garden,
          shapermc_ecumenical_altar_totnotflames
D:4:      layout_cave_pools, nemelex_xobeh_ov_fountains_minmay,
          kennysheep_small_square

Skill      XL: |  1  2  3  4  5 |
---------------+----------------+-----
Invocations    | 1 2 |  2.0
Short Blades   | 1 |  1.8
Long Blades    | 1 |  1.8
Axes           | 1 |  1.8
Maces & Flails | 1 |  1.8
Polearms       | 1 |  1.8
Staves         | 1 |  1.8
Slings         | 1 |  1.8
Crossbows      | 1 |  1.8
Throwing       | 1 |  1.8
Armour         | 1 |  1.8
Shields        | 1 |  1.8
Unarmed Combat | 1 |  1.8
Spellcasting   | 1 |  1.8
Evocations     | 1 |  1.8
Conjurations   | 1 |  1.4
Hexes          | 1 |  1.4
Summonings     | 1 |  1.4
Necromancy     | 1 |  1.4
Translocations | 1 |  1.4
Transmutations | 1 |  1.4
Fire Magic     | 1 |  1.4
Ice Magic      | 1 |  1.4
Air Magic      | 1 |  1.4
Earth Magic    | 1 |  1.4
Poison Magic   | 1 |  1.4
Stealth        | 3 |  3.0
Fighting       | |  4.9
Bows           | |  8.7
Dodging        | |  4.9

Action                   |  1- 3 |  4- 6 || total
-------------------------+-------+-------++-------
 Fire: Shortbow          |    87 |    94 ||   181
  Use: Scroll            |       |     5 ||     5
Armor: Leather armour    |     6 |     7 ||    13
Dodge: Dodged            |     6 |    29 ||    35

Table legend: (Time is in decaauts)
 A = Elapsed time spent in this place.
 B = Non-inter-level travel time spent in this place.
 C = Inter-level travel time spent in this place.
 D = Time resting spent in this place.
 E = Time spent auto-exploring this place.
 F = Levels seen in this place.
 G = Mean time per level.
                   A        B        C        D        E       F      G
               +--------+--------+--------+--------+--------+-----+--------+
         Total |   2425 |   2316 |    109 |      0 |   1953 |   4 |  606.2 |
       Dungeon |   2425 |   2316 |    109 |      0 |   1953 |   4 |  606.2 |
               +--------+--------+--------+--------+--------+-----+--------+

Top non-repeatable levels by time:
     D:3: 1171 daAuts
     D:1: 768 daAuts
     D:2: 481 daAuts
     D:4: 4 daAuts
